 Dungeon Crawl Stone Soup version 0.30-a0-354-g6b83867211 (webtiles) character file.

Game seed: 2599464878799754604

822 ytrimaz the Carver (level 8, -1/58 HPs)
             Began as a Formicid Fighter on Nov 7, 2022.
             Slain by an iguana (5 damage)
             ... on level 5 of the Dungeon.
             The game lasted 00:04:51 (4005 turns).

ytrimaz the Carver (Formicid Fighter)               Turns: 4005, Time: 00:04:52

Health: -1/58      AC:  6    Str: 19    XL:     8   Next: 17%
Magic:  8/8        EV:  9    Int: 13    God:
Gold:   61         SH:  6    Dex: 20    Spells: 7/7 levels left

rFire   . . .      SeeInvis +    a - +0 long sword
rCold   . . .      Faith    .    c - +0 buckler
rNeg    . . .      Spirit   .    b - +0 scale mail
rPois   .          Reflect  .    (helmet unavailable)
rElec   .          Harm     .    (no cloak)
rCorr   .          Rampage  .    (no gloves)
Will    .....                    (no boots)
Stlth   ..........               (no amulet)
HPRegen 0.29/turn                h - +6 ring of dexterity
MPRegen 0.11/turn                (no ring)

@: no status effects
A: permanent stasis, dig shafts and tunnels, antennae 3, four strong arms,
clever 1, deterioration 1
a: Dig, Shaft Self


You were on level 5 of the Dungeon.
You visited 1 branch of the dungeon, and saw 5 of its levels.

You collected 229 gold pieces.
You spent 168 gold pieces at shops.


Innate Abilities, Weirdness & Mutations

You cannot be hasted, slowed, berserked, paralysed or teleported.
You can dig through walls and to a lower floor.
You have a pair of large antennae on your head. (SInv)
Your four strong arms can wield two-handed weapons with a shield.
Your mind is acute. (Int +4, Str/Dex -1)
Your body sometimes deteriorates upon taking damage.


   Skills:
 - Level 3.2 Fighting
 + Level 8.9 Long Blades
 - Level 3.2 Armour
 - Level 4.0 Shields


You had 7 spell levels left.
You didn't know any spells.
Your spell library contained the following spells:

 Spells                   Type           Power      Damage    Failure   Level
 Beastly Appendage        Tmut           0%         N/A       75%         1
 Wereblood                Tmut           0%         N/A       86%         2
 Gell's Gravitas          Tloc           0%         N/A       98%         3
 Spider Form              Tmut/Pois      0%         N/A       98%         3
 Teleport Other           Tloc           0%         N/A       98%         3
 Dispersal                Tloc           0%         N/A       100%        6

Inventory:

Hand Weapons
 a - a +0 long sword (weapon)
Missiles
 j - 3 curare-tipped darts
 m - 3 silver boomerangs
Armour
 b - a +0 scale mail (worn)
 c - a +0 buckler (worn)
Jewellery
 d - a +6 ring of dexterity
   (You found it on level 4 of the Dungeon)
 h - a +6 ring of dexterity (left hand)
   (You found it on level 3 of the Dungeon)
Wands
 r - a wand of flame (10)
   (You found it on level 4 of the Dungeon)
Scrolls
 g - a scroll of fear
 i - a scroll of amnesia
 s - 3 scrolls of identify
Potions
 e - 3 potions of flight
 k - a potion of curing
 l - a potion of attraction
 n - a potion of magic
 o - a potion of mutation
 p - 2 potions of brilliance {unknown}
 q - 2 potions of degeneration {unknown}

Dungeon Overview and Level Annotations

Branches:
Dungeon (5/15) Zot: 25945
 Temple: D:4-7

Altars:
Cheibriados
Qazlal
Uskayaw
Yredelemnul

Shops:
D:4 !?(

Annotations:
D:4 1 runed translucent door, Bediveer's ghost, novice HuCA
D:5 1 runed translucent door, Crazy Yiuf

#..... #..... { ###..... {
###.'..... { #...#..... ##
## { #...#...). ##. .## {
#...####.. #..#
#..###########...# #.. ##
#..$ $..#ol@....#.....# #.)
..###..$##$..#†##......#...#
##.
≈...#..#$$#..#.{....#.##...#
##
≈.#.##......##.#....#.######
#
≈...###....##.....#.#.######
# #)..##''###....##.#......#
## {
###..#..###.##.##<....♣..#
#. ###).#.....#............#
#+ #.)...#....#.#.#.♣.>....#
..


You could see an iguana and an orc.


Message History

You are too injured to fight recklessly!
You closely miss the adder. The adder bites you.
* * * LOW HITPOINT WARNING * * *
You are poisoned.
The adder poisons you! 😨 HP[-1]
You take 1 damage, and now have 29/58 hp.
You feel sick. The iguana bites you!
* * * LOW HITPOINT WARNING * * *
The adder bites you but does no damage.
The adder completely misses you. 😨 HP[-13]
You take 13 damage, and now have 16/58 hp.
MASSIVE DAMAGE!! (PAUSE)
You feel much better.
You feel sick. The adder bites you but does no damage.
The iguana closely misses you. The adder misses you. 😮 HP[+22]
You regained 22 hp, and now have 38/58 hp.
The adder attacks as you move away! You block the adder's attack.
The iguana attacks as you move away! The iguana bites you.
You feel sick. The adder misses you.
The adder bites you but does no damage. 😮 HP[-3]
You take 3 damage, and now have 35/58 hp.
You feel sick. The adder bites you.
You are more poisoned.
The adder poisons you!
The adder bites you but does no damage. 😮 HP[-2]
You take 2 damage, and now have 33/58 hp.
You feel sick.
The howler monkey hoots and howls with incredible vigour!
You hear an angry hiss.
You hear a bark! 😮 HP[-2]
You take 2 damage, and now have 31/58 hp.
The adder attacks as you move away! You block the adder's attack.
You feel sick. The adder bites you.
* * * LOW HITPOINT WARNING * * *
You are more poisoned.
The adder poisons you! 😨 HP[-2]
You take 2 damage, and now have 29/58 hp.
The adder attacks as you move away! The adder bites you but does no damage.
You feel sick. 😨 HP[-2]
You take 2 damage, and now have 27/58 hp.
You feel very sick.
The iguana hisses menacingly.
The howler monkey hoots and howls with incredible vigour! 😨 HP[-3]
You take 3 damage, and now have 24/58 hp.
It was a potion of mutation.
You feel extremely strange.
You feel yourself wasting away.
You feel clever.
You feel sick.
The adder bites you but does no damage. 😨 HP[-1]
You take 1 damage, and now have 23/58 hp.
You swing at nothing.
You feel sick. You block the adder's attack. 😨 HP[-1]
You take 1 damage, and now have 22/58 hp.
You slash the adder!
You kill the adder!
You feel sick.
The adder bites you but does no damage. 😨 HP[-1]
You take 1 damage, and now have 21/58 hp.
You feel sick. You block the adder's attack. 😨 HP[-1]
You take 1 damage, and now have 20/58 hp.
You barely miss the adder.
You feel sick.
The howler monkey hoots and howls with incredible vigour!
The adder completely misses you.
You hear a shout!
You slash the adder!
You kill the adder!
You feel sick. 😨 HP[-1]
You take 1 damage, and now have 19/58 hp.
You slash the howler monkey!
You feel sick.
You are no longer poisoned.
The howler monkey completely misses you.
The howler monkey hits you.
* * * LOW HITPOINT WARNING * * *
😨 HP[-3]
You take 3 damage, and now have 16/58 hp.
You hit the howler monkey.
The howler monkey hoots and howls with incredible vigour!
You hear an angry hiss.
You hear a shout!
You hear an angry hiss. 😨 HP[+1]
You slash the howler monkey!
You kill the howler monkey!
You hit the iguana. You block the iguana's attack.
You closely miss the iguana. The iguana bites you.
* * * LOW HITPOINT WARNING * * *
😱 HP[-6]
You take 6 damage, and now have 11/58 hp.
You barely miss the iguana.
The iguana bites you but does no damage. 😱 HP[+1]
You slash the iguana! The iguana bites you!
* * * LOW HITPOINT WARNING * * *
😱 HP[-8]
You take 8 damage, and now have 4/58 hp.
You hit the iguana. The iguana bites you.
You die...

Skill      XL: |  1  2  3  4  5  6  7 |
---------------+----------------------+-----
Long Blades    | 3 4 5 6 7 8 |  8.9
Fighting       | |  3.2
Armour         | |  3.2
Shields        | |  4.0

Action                   |  1- 3 |  4- 6 |  7- 9 || total
-------------------------+-------+-------+-------++-------
Melee: Long sword        |    95 |    81 |   113 ||   289
  Use: Scroll            |     2 |     7 |     1 ||    10
       Potion            |       |     1 |     2 ||     3
Armor: Scale mail        |    46 |    37 |    35 ||   118
Dodge: Dodged            |    51 |    30 |    54 ||   135
Block: Buckler           |    29 |    26 |    37 ||    92

Levels and vault maps discovered:
D:1:      pf_arrival_petrified_forest, layout_basic,
          chequers_ecumenical_altar_island
D:2:      layout_loops_cross, minmay_tetromino_s4
D:3:      layout_basic, amcnicky_altar_gilded, serial_glass, glass_columns_b,
          glass_columns_c
D:4:      layout_basic, mainiacjoe_overflow_boulevard,
          mainiacjoe_overflow_alcove_2, serial_shops, nicolae_stop_n_shop_1,
          shop, nicolae_shop_stone, ebering_ghost_sewer_d
D:5:      minmay_polygon_palace, layout_basic, mainiacjoe_overflow_brackets,
          grunt_qazlal_sundering, nicolae_overflow_hidden_temple,
          grunt_ministairs_1, hex_tiny, uniq_crazy_yiuf_cottage

Notes
Turn   | Place    | Note
-------+----------+-------------------------------------------
     0 | D:1      | ytrimaz the Formicid Fighter began the quest for the Orb.
     0 | D:1      | Reached XP level 1. HP: 18/18 MP: 1/1
     0 | D:1      | magus.rc [v1.9.6]
    54 | D:1      | Reached XP level 2. HP: 21/24 MP: 2/2
    86 | D:1      | Found a faded altar of an unknown god.
   253 | D:1      | Reached skill level 3 in Long Blades
   286 | D:1      | You add the spells Gell's Gravitas, Teleport Other and
                  | Dispersal to your library.
   337 | D:1      | Reached XP level 3. HP: 27/29 MP: 3/3
   890 | D:2      | Reached skill level 4 in Long Blades
   890 | D:2      | Reached XP level 4. HP: 22/35 MP: 4/4
  1102 | D:2      | You pick up a book of Changes and begin reading...
  1102 | D:2      | You add the spells Beastly Appendage, Wereblood and Spider
                  | Form to your library.
  1433 | D:3      | Found a snail-covered altar of Cheibriados.
  2059 | D:3      | Noticed a black bear
  2068 | D:3      | Killed a black bear
  2069 | D:3      | Reached skill level 5 in Long Blades
  2069 | D:3      | Reached XP level 5. HP: 21/41 MP: 5/5
  2153 | D:3      | Noticed an ogre
  2157 | D:3      | HP: 7/41 [ogre/+0 giant club (16)]
  2158 | D:3      | Killed an ogre
  2159 | D:3      | Reached skill level 6 in Long Blades
  2159 | D:3      | Reached XP level 6. HP: 8/47 MP: 6/6
  2489 | D:4      | Found Pyntideu's Antique Weapon Shoppe.
  2653 | D:4      | Found Wugihier's Magic Scroll Boutique.
  2707 | D:4      | Reached skill level 7 in Long Blades
  2707 | D:4      | Reached XP level 7. HP: 46/52 MP: 7/7
  2752 | D:4      | Found Isi Vedo's Distillery.
  2799 | D:4      | Found a runed translucent door.
  2804 | D:4      | Noticed Bediveer's ghost (novice HuCA)
  2824 | D:4      | Found a basalt altar of Yredelemnul.
  3273 | D:4      | Reached skill level 8 in Long Blades
  3295 | D:4      | Found a hide-covered altar of Uskayaw.
  3457 | D:4      | Bought a runed rapier for 168 gold pieces
  3555 | D:5      | Entered Level 5 of the Dungeon
  3555 | D:5      | Noticed a wraith
  3601 | D:5      | Reached XP level 8. HP: 58/58 MP: 8/8
  3623 | D:5      | Found a stormy altar of Qazlal.
  3781 | D:5      | Found a runed translucent door.
  3782 | D:5      | Noticed Crazy Yiuf
  3992 | D:5      | Gained mutation: Your body sometimes deteriorates upon
                  | taking damage. [potion of mutation]
  3992 | D:5      | Gained mutation: Your mind is acute. (Int +4, Str/Dex -1)
                  | [potion of mutation]
  4002 | D:5      | HP: 11/58 [iguana (6)]
  4004 | D:5      | HP: 4/58 [iguana (8)]
  4005 | D:5      | Slain by an iguana

Vanquished Creatures
  A black bear (D:3)
  2 ogres
  3 phantoms (D:4)
  A howler monkey (D:5)
  A jelly (D:4)
  2 hounds (D:4)
  An iguana (D:5)
  3 gnolls (D:5)
  8 adders
  An ufetubus (D:5)
  A worm (D:5)
  2 dart slugs (D:1)
  8 bats
  8 endoplasms
  2 giant cockroaches (D:4)
  2 goblins
  8 hobgoblins
  9 jackals
  8 kobolds
  A quokka (D:4)
  8 ball pythons
  3 frilled lizards
  5 rats
88 creatures vanquished.

Vanquished Creatures (others)
  3 plants (D:4)
3 creatures vanquished.

Grand Total: 91 creatures vanquished

Table legend:
 A = Non-vault XP
 B = Vault XP
 C = Vault XP percentage of total XP
 D = Non-vault monster count
 E = Vault monster count
 F = Vault count percentage of total count
                 A         B        C        D         E       F
            +---------+---------+-------+---------+---------+-------
      Total |    1104 |      71 |   6.0 |      84 |       4 |   4.5
            +---------+---------+-------+---------+---------+-------
        D:1 |      42 |       0 |   0.0 |      22 |       0 |   0.0
        D:2 |      50 |       3 |   5.7 |      18 |       2 |  10.0
        D:3 |     282 |       0 |   0.0 |      13 |       0 |   0.0
        D:4 |     624 |       0 |   0.0 |      24 |       0 |   0.0
        D:5 |     106 |      68 |  39.1 |       7 |       2 |  22.2
            +---------+---------+-------+---------+---------+-------

Illustrated notes

Table legend:
 A = Kills in this place as a percentage of kills in entire the game.
 B = Kills by you in this place as a percentage of kills by you in the entire game.
 C = Kills by friends in this place as a percentage of kills by friends in the entire game.
 D = Other kills in this place as a percentage of other kills in the entire game.
 E = Experience gained in this place as a percentage of experience gained in the entire game.
 F = Experience gained in this place divided by the number of levels of this place that you have seen.
                   A       B       C       D       E      F
               +-------+-------+-------+-------+-------+----------------------
         Total | 100.0 | 100.0 |   N/A |   N/A | 100.0 | 235.0
       Dungeon | 100.0 | 100.0 |   N/A |   N/A | 100.0 | 235.0
               +-------+-------+-------+-------+-------+----------------------

Table legend: (Time is in decaauts)
 A = Elapsed time spent in this place.
 B = Non-inter-level travel time spent in this place.
 C = Inter-level travel time spent in this place.
 D = Time resting spent in this place.
 E = Time spent auto-exploring this place.
 F = Levels seen in this place.
 G = Mean time per level.
                   A        B        C        D        E       F      G
               +--------+--------+--------+--------+--------+-----+--------+
         Total |   4053 |   3859 |    194 |     19 |   3119 |   5 |  810.6 |
       Dungeon |   4053 |   3859 |    194 |     19 |   3119 |   5 |  810.6 |
               +--------+--------+--------+--------+--------+-----+--------+

Top non-repeatable levels by time:
     D:4: 1105 daAuts
     D:3: 1057 daAuts
     D:2: 740 daAuts
     D:1: 726 daAuts
     D:5: 423 daAuts
